 Dungeon Crawl Stone Soup version 0.29-a0-110-g189f89ecda (webtiles) character file.

Game seed: 5898312019244166534

336 Gargoyl the Skirmisher (level 6, -1/39 HPs)
             Began as a Gargoyle Abyssal Knight on Feb 17, 2022.
             Was a Follower of Lugonu.
             Splashed by a jelly's acid (4 damage)
             ... on level 5 of the Dungeon.
             The game lasted 00:03:28 (3857 turns).

Gargoyl the Skirmisher (Gargoyle Abyssal Knight)    Turns: 3857, Time: 00:03:29

Health: -1/39      AC:  8    Str: 18    XL:     6   Next: 54%
Magic:  7/7        EV: 11    Int: 11    God:    Lugonu [*.....]
Gold:   196        SH:  0    Dex: 10    Spells: 5/5 levels left

rFire   . . .      SeeInvis .   a - +1 hand axe (venom)
rCold   . . .      Faith    .   (no shield)
rNeg    + . .      Spirit   .   c - +0 ring mail
rPois   ∞          Reflect  .   (no helmet)
rElec   +          Harm     .   j - +1 cloak
rCorr   .          Rampage  .   (no gloves)
Will    .....                   (no boots)
Stlth   +.........              l - amulet of magic regeneration
HPRegen 0.13/turn               (no ring)
MPRegen 0.50/turn               (no ring)

@: corroded
A: sickness immunity, AC +4, negative energy resistance 1, electricity
resistance, torment resistance 1, petrification resistance
a: Renounce Religion, Depart the Abyss


You were on level 5 of the Dungeon.
You worshipped Lugonu.
Lugonu was aware of your devotion.
You visited 1 branch of the dungeon, and saw 5 of its levels.
You visited the Abyss 1 time.

You collected 196 gold pieces.

Inventory:

Hand Weapons
 a - a +1 hand axe of venom (weapon)
Missiles
 g - 20 poisoned darts
 o - 2 curare-tipped darts (quivered)
Armour
 c - a +0 ring mail (worn)
 j - a +1 cloak (worn)
Jewellery
 l - an amulet of magic regeneration (around neck)
 n - a +6 ring of intelligence
 p - a ring of flight
Wands
 d - a wand of mindburst (19)
 i - a wand of flame (19)
Scrolls
 e - a scroll of fear
Potions
 b - a potion of heal wounds
 f - 4 potions of curing
 h - a potion of berserk rage
 k - a potion of flight {unknown}
 m - 2 potions of lignification


   Skills:
 + Level 4.5 Fighting
 + Level 4.0 Axes
 + Level 0.2 Throwing
 + Level 4.1 Armour
 + Level 1.4 Dodging
 + Level 1.1 Stealth
 + Level 2.2 Invocations


You had 5 spell levels left.
You didn't know any spells.
Your spell library contained the following spells:

 Spells                   Type           Power      Damage    Failure   Level
 Animate Skeleton         Necr           0%         N/A       52%         1
 Apportation              Tloc           0%         N/A       52%         1
 Foxfire                  Conj/Fire      0%         2x1d4     52%         1
 Pain                     Necr           0%         1d4       52%         1
 Summon Small Mammal      Summ           0%         N/A       52%         1
 Conjure Flame            Conj/Fire      0%         6-21      87%         3
 Inner Flame              Hex/Fire       0%         N/A       87%         3
 Vampiric Draining        Necr           0%         2d6       87%         3
 Flame Wave               Conj/Fire      0%         2d4       99%         4


Dungeon Overview and Level Annotations

Branches:
Dungeon (5/15)
 Temple: D:4-7

Altars:
Xom


Innate Abilities, Weirdness & Mutations

You are immune to sickness and miasma.
Your stone body is resilient. (AC +4)
You are immune to poison.
You resist negative energy. (rN+)
You are resistant to electric shocks. (rElec)
You are resistant to unholy torment.
You are immune to petrification.


Message History

There is a stone staircase leading down here.
You climb downwards.
The orc shouts!
The jelly quivers.
You hear an angry hiss.
Found 10 stones.
There is a stone staircase leading up here.
The jelly hits you. The acid corrodes you!
You are splashed with acid.
You hit the jelly but do no damage.
Your hands burn!
The jelly barely misses you.
You hit the jelly.
Your hands burn!
The jelly is moderately wounded.
The jelly barely misses you.
You hit the jelly.
Your hands burn!
The jelly is moderately wounded.
You hit the orc.
The orc is poisoned.
The jelly hits you but does no damage. The orc hits you but does no damage.
You hit the jelly.
Your hands burn!
The jelly is heavily wounded.
You hit the orc.
The orc looks as sick as possible!
The jelly hits you.
You are splashed with acid!
The orc hits you but does no damage.
You hit the jelly but do no damage.
Your hands burn!
The jelly is heavily wounded.
You barely miss the orc.
You kill the orc!
Lugonu accepts your kill. The jelly hits you but does no damage.
Unknown command.
There is a stone staircase leading up here.
You hit the jelly.
Your hands burn!
The jelly is heavily wounded.
The jelly hits you but does no damage.
You hit the jelly but do no damage.
Your hands burn!
The jelly is heavily wounded.
The jelly hits you.
* * * LOW HITPOINT WARNING * * *
You are splashed with acid!
* * * LOW HITPOINT WARNING * * *
You hit the jelly.
Your hands burn!
You die...

# ..###+#
#...... #
#....(.###.#
#.)J@..#
#+####.# #


You could see a jelly.

Vanquished Creatures
  A scorpion (D:4)
  A water moccasin skeleton (D:4)
  A jelly (D:4)
  Natasha (thrice) (D:3)
  Ijyb (D:3)
  An iguana (D:4)
  A hound skeleton (D:4)
  2 adders (D:3)
  A worm (D:2)
  A dart slug (D:1)
  4 orcs
  3 endoplasms
  5 giant cockroaches
  A goblin (D:1)
  2 hobgoblins
  2 kobolds (D:3)
  5 quokkas
  5 ball pythons
  3 frilled lizards
  5 rats
48 creatures vanquished.

Notes
Turn   | Place    | Note
-------+----------+-------------------------------------------
     0 | Abyss:1  | Gargoyl the Gargoyle Abyssal Knight began the quest for the
                  | Orb.
     0 | Abyss:1  | Reached XP level 1. HP: 14/14 MP: 2/2
     1 | D:1      | Escaped the Abyss
   362 | D:1      | Reached XP level 2. HP: 17/19 MP: 3/3
   729 | D:1      | Found a faded altar of an unknown god.
  1037 | D:2      | Reached * piety under Lugonu
  1358 | D:2      | Identified the +7 hunting sling of the Freezing Shrike
                  | {vorpal, rC+ SInv}
  1850 | D:3      | Noticed Natasha
  1865 | D:3      | Killed Natasha
  1866 | D:3      | Reached XP level 3. HP: 15/24 MP: 4/4
  1990 | D:3      | Noticed Natasha
  2002 | D:3      | Killed Natasha
  2003 | D:3      | Reached skill level 1 in Dodging
  2003 | D:3      | Reached XP level 4. HP: 10/29 MP: 5/5
  2538 | D:3      | Noticed Natasha
  2543 | D:3      | Killed Natasha
  2544 | D:3      | Reached XP level 5. HP: 31/33 MP: 6/6
  2637 | D:3      | Noticed Ijyb
  2640 | D:3      | Killed Ijyb
  3073 | D:4      | Reached skill level 1 in Stealth
  3166 | D:4      | Reached XP level 6. HP: 27/39 MP: 7/7
  3765 | D:4      | Found a shimmering altar of Xom.
  3847 | D:5      | Entered Level 5 of the Dungeon
  3857 | D:5      | Splashed by a jelly's acid

Illustrated notes

Levels and vault maps discovered:
D:1:      dpeg_arrival_snail, layout_loops_ring,
          hellmonk_ecumenical_altar_heavens_door
D:2:      layout_basic
D:3:      minmay_general_purpose_star, layout_loops_ring, minmay_hedge_maze,
          uniq_natasha, uniq_ijyb
D:4:      layout_cave_pools, mainiacjoe_overflow_alcove_2,
          minmay_misc_feat_tower
D:5:      layout_basic, gammafunk_ghost_icy

Skill      XL: |  1  2  3  4  5  6 |
---------------+-------------------+-----
Axes           | 2 3 4 |  4.0
Fighting       | 4 |  4.5
Armour         | 3 4 |  4.1
Dodging        | 1 |  1.4
Stealth        | 1 |  1.1
Throwing       | |  0.2
Invocations    | |  2.2

Action                   |  1- 3 |  4- 6 || total
-------------------------+-------+-------++-------
Melee: Hand axe          |    62 |    87 ||   149
       Punch             |     1 |       ||     1
Throw: Dart              |       |     3 ||     3
Invok: Depart the Abyss  |     1 |       ||     1
  Use: Scroll            |    12 |       ||    12
       Potion            |     1 |       ||     1
Armor: Ring mail         |    21 |    40 ||    61
Dodge: Dodged            |    31 |    45 ||    76

Table legend: (Time is in decaauts)
 A = Elapsed time spent in this place.
 B = Non-inter-level travel time spent in this place.
 C = Inter-level travel time spent in this place.
 D = Time resting spent in this place.
 E = Time spent auto-exploring this place.
 F = Levels seen in this place.
 G = Mean time per level.
                   A        B        C        D        E       F      G
               +--------+--------+--------+--------+--------+-----+--------+
         Total |   3880 |   3788 |     92 |      0 |   3276 |   6 |  646.7 |
       Dungeon |   3879 |   3787 |     92 |      0 |   3276 |   5 |  775.8 |
         Abyss |      1 |      1 |      0 |      0 |      0 |   1 |    1.0 |
               +--------+--------+--------+--------+--------+-----+--------+

Top non-repeatable levels by time:
     D:3: 1216 daAuts
     D:2: 965 daAuts
     D:1: 885 daAuts
     D:4: 802 daAuts
     D:5: 10 daAuts
 Abyss:1: 1 daAuts
